 Dungeon Crawl Stone Soup version 0.21-a0-225-g207ae17 (webtiles) character file.

107 Moloch the Skirmisher (level 4, 0/37 HPs)
             Began as a Mummy Fighter on Aug 29, 2017.
             Slain by Natasha (8 damage)
             ... on level 3 of the Dungeon.
             The game lasted 00:02:52 (2198 turns).

Moloch the Skirmisher (Mummy Fighter)               Turns: 2198, Time: 00:02:53

Health: 0/37       AC:  7    Str: 19    XL:     4   Next: 56%
Magic:  4/4        EV:  9    Int:  7    God:
Gold:   154        SH:  0    Dex: 12    Spells: 3/3 levels left

rFire    x . .     SeeInvis .   g - +0 halberd
rCold    + . .     Gourm    .   (shield currently unavailable)
rNeg     + + +     Faith    .   b - +0 scale mail
rPois    ∞         Spirit   .   (no helmet)
rElec    .         Reflect  .   f - +0 cloak
rCorr    .         Harm     .   (no gloves)
MR       .....                  (no boots)
Stlth    ..........             (no amulet)
HPRegen  0.12/turn              (no ring)
MPRegen  0.09/turn              (no ring)

@: no status effects
A: no food or potions, fire vulnerability, cold resistance 1, negative energy
resistance 3, torment resistance, unbreathing
a: no special abilities


You were on level 3 of the Dungeon.
You were not hungry.

You visited 1 branch of the dungeon, and saw 3 of its levels.

You collected 154 gold pieces.

Inventory:

Hand Weapons
 a - a +0 trident
 g - a +0 halberd (weapon)
Missiles
 e - 8 steel javelins (quivered)
Armour
 b - a +0 scale mail (worn)
 c - a +0 shield
 f - a +0 cloak (worn)
Scrolls
 d - 2 scrolls of enchant weapon
 h - a scroll of identify
 i - 2 scrolls of remove curse
 j - a scroll of fog {unknown}
 k - 2 scrolls of teleportation {unknown}
 l - a scroll of amnesia {unknown}
 m - a scroll of immolation {unknown}
 n - 2 scrolls of enchant armour {unknown}
 o - a scroll of fear {unknown}


   Skills:
 + Level 3.8 Fighting
 * Level 3.4 Polearms
 - Level 2.4 Armour
 - Level 2.4 Shields


You had 3 spell levels left.
You didn't know any spells.

Dungeon Overview and Level Annotations

Branches:
Dungeon (3/15)

Altars:
Fedhas
Gozag
Nemelex Xobeh

Annotations:
D:3 Natasha


Innate Abilities, Weirdness & Mutations

You do not eat or drink.
Your flesh is vulnerable to fire.
You are immune to poison.
Your flesh is cold resistant. (rC+)
You are immune to negative energy. (rN+++)
You are immune to unholy pain and torment.
You can survive without breathing.


Message History

You completely miss Natasha. Natasha claws you.
The white imp closely misses you. The kobold misses you.
Natasha zaps a wand.
It is a wand of polymorph (?/24).
The white imp hits you but does no damage.
Attack whom?
Press: ? - help, Dir - move target cursor, f/p - Natasha
Aim: Natasha, carrying a wand of polymorph (?/24) {zapped: 1} You closely miss Natasha.
The kobold hits you but does no damage.
Natasha zaps a wand.
The white imp shouts, "Back with thee, thou rough-hewn nose-picking beggar!"
The white imp closely misses you.
Your scale mail prevents you from hitting Natasha.
The kobold closely misses you. Natasha claws you!
* * * LOW HITPOINT WARNING * * *
The white imp shouts, "Beg for mercy, thou impertinent weevil-witted nert!"
The white imp hits you but does no damage.
The kobold hits you but does no damage.
Unknown command.
You completely miss Natasha. Natasha claws you!
You die...

#......................
#......................
#......................
#......................
#......................
#......................
#......%...............
#.....K................
#.....@5...............
#......h...............
#.(....................
######.................<....
#..........[................
#.####......................
#.# #......................
#.# #..........)..........)
#.# #.......(..............


You could see Natasha, a white imp and a kobold.

Vanquished Creatures
  4 gnolls
  2 adders (D:3)
  A dart slug (D:3)
  2 leopard geckos
  A ball python (D:3)
  6 bats
  4 giant cockroaches (D:1)
  4 goblins
  6 hobgoblins
  7 kobolds
  2 quokkas
  2 frilled lizards
  4 rats
45 creatures vanquished.

Notes
Turn   | Place    | Note
-------+----------+-------------------------------------------
     0 | D:1      | Moloch the Mummy Fighter began the quest for the Orb.
     0 | D:1      | Reached XP level 1. HP: 18/18 MP: 1/1
   223 | D:1      | Reached XP level 2. HP: 15/24 MP: 2/2
   940 | D:1      | Reached XP level 3. HP: 29/30 MP: 3/3
  1222 | D:2      | Found a blossoming altar of Fedhas.
  1396 | D:2      | Found a sparkling altar of Nemelex Xobeh.
  1397 | D:2      | Found an opulent altar of Gozag.
  1445 | D:2      | Reached XP level 4. HP: 20/37 MP: 4/4
  2190 | D:3      | Noticed Natasha
  2198 | D:3      | Slain by Natasha

Vault maps used:
D:1:      minmay_arrival_five_plusses, fountainhead,
          hangedman_abyss_or_decor_lesser_grid
D:2:      grunt_temple_overflow_opulence, kennysheep_another_room,
          corexii_item_surrounded_by_moat, fedhas_altar_2
D:3:      uniq_natasha

Skill      XL: |  1  2  3  4 |
---------------+-------------+-----
Polearms       | 2 3 |  3.4
Fighting       | |  3.8
Armour         | |  2.4
Shields        | |  2.4

Action                   |  1- 3 |  4- 6 || total
-------------------------+-------+-------++-------
Melee: Trident           |    18 |       ||    18
       Halberd           |    69 |    47 ||   116
  Use: Scroll            |     3 |       ||     3
Armor: Scale mail        |    29 |    32 ||    61
Dodge: Dodged            |    36 |    38 ||    74
Block: Shield            |     6 |       ||     6

Table legend:
 A = Spawn XP
 B = Non-spawn XP
 C = Spawn XP percentage of total XP
 D = Spawn monster count
 E = Non-spawn monster count
 F = Spawn count percentage of total count
 G = Total turns spent on level
                    A         B        C        D         E        F      G
               +---------+---------+-------+---------+---------+-------+---------
         Total |      10 |     143 |   6.5 |       5 |      40 |  11.1 |  2198
               +---------+---------+-------+---------+---------+-------+---------
           D:1 |       6 |      43 |  12.2 |       3 |      17 |  15.0 |  1116
           D:2 |       2 |      51 |   3.8 |       1 |       9 |  10.0 |   643
           D:3 |       2 |      49 |   3.9 |       1 |      14 |   6.7 |   439
               +---------+---------+-------+---------+---------+-------+---------
